[Event "Kupreichik Memorial Rapid 2019"]
[Site "Minsk"]
[Date "2019.08.16"]
[Round "7.31"]
[White "Kasperovich, Mikhail"]
[Black "Kolosovskaya, Olga"]
[Result "0-1"]
[ECO "D16"]
[WhiteElo "1324"]
[BlackElo "1719"]
[Annotator "NA"]
[PlyCount "144"]
[EventDate "2019.08.15"]
[EventType "swiss"]
[EventCountry "BLR"]
[SourceTitle "playchess.com"]
[Source "ChessBase"]
[SourceQuality "1"]
[TimeControl "900+10"]

1. d4 d5 2. Nf3 Nf6 3. c4 c6 4. Nc3 dxc4 5. a4 e6 6. e3 Be7 7. Bxc4 O-O 8. O-O b6 9. b3 Bb7 10. Bb2 a6 11. Rc1 b5 12. axb5 cxb5 13. Bd3 Qb6 14. Ne5 Nc6 15. Nxc6 Bxc6 16. Qc2 Rac8 17. Qb1 b4 18. Ne4 Nxe4 19. Bxe4 Bxe4 20. Qxe4 Bf6 21. Rc2 Rxc2 22. Qxc2 g6 23. Rc1 Kg7 24. h3 Rb8 25. Kf1 Qb5+ 26. Ke1 Qd5 27. Kf1 Qb5+ 28. Ke1 e5 29. Qe4 exd4 30. Bxd4 Bxd4 31. Qxd4+ Kg8 32. Rc5 Qb6 33. Rc4 Qb7 34. Qe4 Qb5 35. Qd4 Qa5 36. Rc5 Qa3 37. Qc4 Qa1+ 38. Ke2 Qb2+ 39. Kf3 Qf6+ 40. Qf4 Qb6 41. Rc7 Qe6 42. Rc4 Qd5+ 43. Ke2 Rd8 44. Rd4 Qb5+ 45. Kf3 Qc6+ 46. Ke2 Qc2+ 47. Kf3 Rxd4 48. Qxd4 Qxb3 49. Qd8+ Kg7 50. Qd4+ f6 51. Qa7+ Qf7 52. Qxa6 Qd5+ 53. Kg3 Qe5+ 54. Kf3 Qd5+ 55. Kg3 b3 56. Qa7+ Kh6 57. Qb6 Qe5+ 58. Kf3 b2 59. Ke2 Qc3 60. Qb8 Qc2+ 61. Kf3 b1=Q 62. Qf8+ Kg5 63. h4+ Kf5 64. g4+ Ke5 65. Qe7+ Kd5 66. Qd7+ Kc4 67. Qc6+ Kb3 68. Qb5+ Ka2 69. Qa5+ Kb2 70. Qb4+ Qb3 71. Qd4+ Kc1 72. Qc5+ Q1c2 0-1

[Event "Kupreichik Memorial Rapid 2019"]
[Site "Minsk"]
[Date "2019.08.16"]
[Round "7.32"]
[White "Ostrovskiy, Viktor"]
[Black "Ustiugov, Boris"]
[Result "1/2-1/2"]
[ECO "B22"]
[WhiteElo "1453"]
[BlackElo "1567"]
[Annotator "NA"]
[PlyCount "65"]
[EventDate "2019.08.15"]
[EventType "swiss"]
[EventCountry "BLR"]
[SourceTitle "playchess.com"]
[Source "ChessBase"]
[SourceQuality "1"]
[TimeControl "900+10"]

1. e4 c5 2. c3 Qa5 3. Nf3 d6 4. Be2 Nc6 5. O-O g6 6. d4 cxd4 7. cxd4 Bg7 8. Nc3 Bg4 9. Be3 Bxf3 10. Bxf3 Nf6 11. a3 O-O 12. b4 Qd8 13. Rc1 Rc8 14. Qd2 Re8 15. Be2 a6 16. f4 Qd7 17. e5 dxe5 18. dxe5 Qxd2 19. Bxd2 Nd7 20. Bg4 e6 21. Ne4 h5 22. Bf3 Nd4 23. Nd6 Nxf3+ 24. Rxf3 Rxc1+ 25. Bxc1 Rb8 26. Be3 Bf8 27. Ne4 Rc8 28. Rf1 Rc4 29. Ng5 Rc3 30. Bc1 Nb6 31. Ne4 Rc4 32. Nf6+ Kg7 33. Be3 1/2-1/2

[Event "Kupreichik Memorial Rapid 2019"]
[Site "Minsk"]
[Date "2019.08.16"]
[Round "7.34"]
[White "Uzlavataya, Anhelina"]
[Black "Drobyshevsky, Vasily"]
[Result "1-0"]
[ECO "A04"]
[WhiteElo "2051"]
[BlackElo "1441"]
[Annotator "NA"]
[PlyCount "122"]
[EventDate "2019.08.15"]
[EventType "swiss"]
[EventCountry "BLR"]
[SourceTitle "playchess.com"]
[Source "ChessBase"]
[SourceQuality "1"]
[TimeControl "900+10"]

1. Nf3 c5 2. g3 Nc6 3. d4 e6 4. Bg2 d5 5. O-O Nf6 6. c4 Be7 7. cxd5 exd5 8. Nc3 c4 9. Ne5 O-O 10. e4 dxe4 11. Nxc6 bxc6 12. Nxe4 Bb7 13. Nxf6+ Bxf6 14. Be3 Rb8 15. Qd2 Qd7 16. Rfd1 Rfd8 17. Rac1 Ba6 18. Qa5 Qb7 19. Rd2 Qb5 20. Qxb5 cxb5 21. d5 Bb7 22. Bxa7 Ra8 23. Bb6 Rd7 24. a3 c3 25. bxc3 Rxa3 26. Bd4 Bg5 27. f4 Bd8 28. Bc5 Ra8 29. Bb4 Bb6+ 30. Kf1 Be3 31. Rcd1 Bxd2 32. Rxd2 Rad8 33. d6 Bxg2+ 34. Kxg2 f6 35. Rd5 Rb8 36. Kf3 Kf7 37. Ke4 Ke6 38. Rd2 g6 39. Kd4 Rc8 40. Re2+ Kf7 41. Kd5 Rc4 42. Ra2 Rc8 43. Ra5 Rb8 44. Kc6 Rdb7 45. Bc5 Ke6 46. Ra6 Rf7 47. Bb4 h5 48. Kc5 g5 49. fxg5 fxg5 50. Kc6 h4 51. gxh4 gxh4 52. d7 Kf5 53. Kc7 Rg8 54. Rd6 h3 55. Rd5+ Ke6 56. Rd6+ Kf5 57. Rd3 Ke6 58. Kc6 Rd8 59. Re3+ Kf5 60. Rf3+ Kg6 61. Rxf7 Kxf7 1-0

[Event "Kupreichik Memorial Rapid 2019"]
[Site "Minsk"]
[Date "2019.08.16"]
[Round "7.35"]
[White "Pogorelov, Aleksey"]
[Black "Stsepkina, Yauheniya"]
[Result "0-1"]
[ECO "A48"]
[WhiteElo "1548"]
[BlackElo "1537"]
[Annotator "NA"]
[PlyCount "140"]
[EventDate "2019.08.15"]
[EventType "swiss"]
[EventCountry "BLR"]
[SourceTitle "playchess.com"]
[Source "ChessBase"]
[SourceQuality "1"]
[TimeControl "900+10"]

1. d4 Nf6 2. Nf3 g6 3. Bf4 Bg7 4. c3 O-O 5. e3 d6 6. Bd3 Nbd7 7. Nbd2 Re8 8. Bc2 b6 9. O-O Bb7 10. h3 c5 11. Re1 d5 12. Rc1 h6 13. Ne5 Nxe5 14. Bxe5 Nd7 15. Bxg7 Kxg7 16. Nf3 e5 17. e4 exd4 18. exd5 Rxe1+ 19. Nxe1 Bxd5 20. cxd4 Qg5 21. g3 Rd8 22. dxc5 Nxc5 23. Qd4+ Kg8 24. Rd1 Ne6 25. Qa4 Qh5 26. Kh2 Kg7 27. Ng2 Ng5 28. Nf4 Nf3+ 29. Kg2 Ne5+ 30. Rxd5 Qf3+ 31. Kg1 Rxd5 32. Nxd5 Qxd5 33. Qe4 Nf3+ 34. Kg2 Qxe4 35. Bxe4 Nd4 36. b3 Kf6 37. f4 Ne2 38. a4 Nd4 39. Bd5 Ke7 40. Kf2 f6 41. Ke3 Nf5+ 42. Kf3 Nd4+ 43. Ke3 Nf5+ 44. Kf3 Nd6 45. Ke3 Nf5+ 46. Kf3 Nd6 47. Ke3 Nf5+ 48. Kf3 Nd4+ 49. Ke3 Nf5+ 50. Kf3 Nd6 51. Ke3 Nf5+ 52. Kf3 Kd6 53. Bc4 Kc5 54. g4 Nd6 55. Bg8 Kd4 56. h4 g5 57. hxg5 hxg5 58. fxg5 fxg5 59. Be6 Nb7 60. b4 Kc3 61. a5 bxa5 62. bxa5 Nxa5 63. Ke4 Nc6 64. Bg8 Nd4 65. Ke5 a5 66. Kf6 a4 67. Kxg5 a3 68. Kf4 Nb3 69. g5 a2 70. Bxb3 Kxb3 0-1

[Event "Kupreichik Memorial Rapid 2019"]
[Site "Minsk"]
[Date "2019.08.16"]
[Round "7.36"]
[White "Nikolaev, Dmitry"]
[Black "Yasiukovich, Sergei"]
[Result "1-0"]
[ECO "A06"]
[WhiteElo "1677"]
[BlackElo "1529"]
[Annotator "NA"]
[PlyCount "144"]
[EventDate "2019.08.15"]
[EventType "swiss"]
[EventCountry "BLR"]
[SourceTitle "playchess.com"]
[Source "ChessBase"]
[SourceQuality "1"]
[TimeControl "900+10"]

1. Nf3 d5 2. c4 c6 3. cxd5 cxd5 4. g3 Nf6 5. Bg2 g6 6. b3 Bg7 7. Bb2 O-O 8. d4 Nc6 9. O-O Bg4 10. Nbd2 Qd7 11. Re1 Bh3 12. Bh1 Rac8 13. Rc1 Rfd8 14. Nh4 g5 15. Ng2 h6 16. Ne3 Be6 17. Rc5 b6 18. Rc2 Nb4 19. Rxc8 Rxc8 20. a3 Nc6 21. Qb1 Ng4 22. Qd3 Nxe3 23. Qxe3 Bf5 24. Rc1 e6 25. Nf3 Be4 26. b4 Bxf3 27. Bxf3 Ne7 28. Qd2 Rxc1+ 29. Qxc1 Qc6 30. e3 Qxc1+ 31. Bxc1 Nc8 32. Be2 Nd6 33. a4 Ne4 34. Bd3 Bf8 35. Bxe4 dxe4 36. b5 Bb4 37. g4 e5 38. Bb2 exd4 39. Bxd4 Bd6 40. h4 gxh4 41. Kg2 Kh7 42. Kh3 Kg6 43. Kxh4 f6 44. Bc3 Bc5 45. a5 bxa5 46. Bxa5 Bb6 47. Bb4 Bd8 48. Bd6 f5+ 49. Kg3 fxg4 50. Kxg4 Bb6 51. Kf4 h5 52. Be7 Kf7 53. Bh4 Ke6 54. Kxe4 Kd6 55. Kf5 Kc5 56. Kg6 Kxb5 57. Kxh5 Kc4 58. Kg4 Kd3 59. Kf5 a5 60. e4 Bd4 61. f4 a4 62. Be7 Kc4 63. e5 Bc5 64. Bxc5 Kxc5 65. e6 a3 66. e7 a2 67. e8=Q a1=Q 68. Qe5+ Qxe5+ 69. Kxe5 Kc6 70. Ke6 Kc7 71. Ke7 Kc6 72. f5 Kd5 1-0

[Event "Kupreichik Memorial Rapid 2019"]
[Site "Minsk"]
[Date "2019.08.16"]
[Round "7.37"]
[White "Novik, Nikita"]
[Black "Karlov, Egor"]
[Result "1-0"]
[ECO "E00"]
[WhiteElo "1355"]
[BlackElo "1728"]
[Annotator "NA"]
[PlyCount "47"]
[EventDate "2019.08.15"]
[EventType "swiss"]
[EventCountry "BLR"]
[SourceTitle "playchess.com"]
[Source "ChessBase"]
[SourceQuality "1"]
[TimeControl "900+10"]

1. d4 Nf6 2. c4 e6 3. e3 d5 4. cxd5 exd5 5. Nc3 c6 6. Nf3 Bd6 7. Ne5 Nbd7 8. f4 O-O 9. Bd3 c5 10. O-O c4 11. Bc2 Bc7 12. h3 a6 13. Qf3 Nb6 14. Bd2 Bxe5 15. fxe5 Ne8 16. Qh5 g6 17. Qh6 Ng7 18. Be1 Bf5 19. Bh4 Qd7 20. Bf6 Ne8 21. Bxf5 Qc6 22. Bg4 Nd7 23. Bxd7 Qxd7 24. Rf4 1-0

[Event "Kupreichik Memorial Rapid 2019"]
[Site "Minsk"]
[Date "2019.08.16"]
[Round "7.38"]
[White "Kozlov, Valentin"]
[Black "Karmishyn, Vadzim"]
[Result "1-0"]
[ECO "B60"]
[WhiteElo "1871"]
[BlackElo "1494"]
[Annotator "NA"]
[PlyCount "73"]
[EventDate "2019.08.15"]
[EventType "swiss"]
[EventCountry "BLR"]
[SourceTitle "playchess.com"]
[Source "ChessBase"]
[SourceQuality "1"]
[TimeControl "900+10"]

1. e4 c5 2. Nf3 Nc6 3. d4 cxd4 4. Nxd4 Nf6 5. Nc3 d6 6. Bg5 a6 7. Qd2 Qb6 8. Nb3 Ng4 9. h3 Nge5 10. Be3 Qd8 11. Nd5 Nd7 12. Be2 g6 13. Bh6 Nb6 14. Bxf8 Kxf8 15. O-O Kg7 16. Qc3+ f6 17. a4 Bd7 18. Nf4 Ne5 19. a5 Rc8 20. Qd2 Nbc4 21. Qc1 Bc6 22. Ne6+ Kf7 23. Nxd8+ Rhxd8 24. f4 Bxe4 25. fxe5 Nxe5 26. c3 Kg7 27. Nd4 Bd5 28. Bf3 Nxf3+ 29. Nxf3 Rc4 30. Qd2 Bc6 31. Nd4 Bd7 32. Rae1 e5 33. Nc2 Bc6 34. Ne3 Ra4 35. Ng4 Rxg4 36. hxg4 d5 37. g5 1-0

[Event "Kupreichik Memorial Rapid 2019"]
[Site "Minsk"]
[Date "2019.08.17"]
[Round "8.2"]
[White "Zhukova, Natalia"]
[Black "Zhigalko, Sergei"]
[Result "0-1"]
[ECO "A05"]
[WhiteElo "2333"]
[BlackElo "2574"]
[Annotator "ChessBase"]
[PlyCount "58"]
[EventDate "2019.08.15"]
[EventType "swiss"]
[EventCountry "BLR"]
[SourceTitle "playchess.com"]
[Source "ChessBase"]
[SourceQuality "1"]
[TimeControl "900+10"]

1. Nf3 Nf6 2. c4 e6 3. b3 d5 4. Bb2 Be7 5. e3 O-O 6. Nc3 b6 7. cxd5 exd5 8. d4 Bb7 9. Bd3 Nbd7 10. O-O Ne4 11. Ne2 Bd6 12. Ng3 Re8 13. Rc1 g6 14. Qc2 Rc8 15. Qe2 Ndf6 16. Ne5 c5 17. Nxe4 dxe4 18. Bc4 Bd5 19. Ng4 Nxg4 20. Qxg4 Bxc4 21. Rxc4 b5 22. Rcc1 c4 23. Qe2 Qa5 24. bxc4 bxc4 25. Rxc4 Qxa2 26. Rxc8 Rxc8 27. Ra1 Qxa1+ 28. Bxa1 Rc1+ 29. Qf1 Bxh2+ 0-1

[Event "Kupreichik Memorial Rapid 2019"]
[Site "Minsk"]
[Date "2019.08.17"]
[Round "8.4"]
[White "Meshkov, Yuri A."]
[Black "Vaganian, Rafael A"]
[Result "0-1"]
[ECO "D00"]
[WhiteElo "2336"]
[BlackElo "2514"]
[Annotator "ChessBase"]
[PlyCount "94"]
[EventDate "2019.08.15"]
[EventType "swiss"]
[EventCountry "BLR"]
[SourceTitle "playchess.com"]
[Source "ChessBase"]
[SourceQuality "1"]
[TimeControl "900+10"]

1. d4 d5 2. Bf4 Nf6 3. e3 g6 4. h3 Bg7 5. Nd2 O-O 6. Ngf3 c5 7. c3 b6 8. Bd3 Bb7 9. Qb1 Nbd7 10. O-O a6 11. a4 Re8 12. Ne5 Nxe5 13. Bxe5 Bh6 14. Rd1 Nd7 15. Bf4 Bg7 16. Nf3 f6 17. e4 e5 18. dxe5 fxe5 19. Bg5 Bf6 20. Bh6 c4 21. Bc2 Nc5 22. b4 Nd3 23. Bxd3 cxd3 24. Qxd3 Rc8 25. Nd2 d4 26. c4 Qe7 27. Rdb1 Kh8 28. a5 bxa5 29. Rxa5 g5 30. Nf1 Qe6 31. Ng3 Bd8 32. Nf5 Bxa5 33. bxa5 Bc6 34. Bxg5 Rb8 35. Rxb8 Rxb8 36. Qa3 Bxe4 37. Ng3 Bg6 38. Qc5 Rc8 39. Qa7 d3 40. c5 Kg8 41. Be3 Rd8 42. Nf1 Kh8 43. Nd2 Rg8 44. Qb7 Be8 45. Qb6 Bc6 46. f3 Qxh3 47. g4 Rxg4+ 0-1

[Event "Kupreichik Memorial Rapid 2019"]
[Site "Minsk"]
[Date "2019.08.17"]
[Round "8.9"]
[White "Lazavik, Denis"]
[Black "Dydyshko, Viacheslav"]
[Result "1-0"]
[ECO "E12"]
[WhiteElo "2347"]
[BlackElo "2506"]
[Annotator "ChessBase"]
[PlyCount "45"]
[EventDate "2019.08.15"]
[EventType "swiss"]
[EventCountry "BLR"]
[SourceTitle "playchess.com"]
[Source "ChessBase"]
[SourceQuality "1"]
[TimeControl "900+10"]

1. d4 Nf6 2. c4 e6 3. Nf3 b6 4. a3 Bb7 5. Nc3 g6 6. Qc2 Bg7 7. e4 O-O 8. Be2 d5 9. cxd5 exd5 10. e5 Ne4 11. O-O c5 12. dxc5 bxc5 13. Nxe4 dxe4 14. Nd2 Nc6 15. Qxc5 Nxe5 16. Qe3 f5 17. Rd1 Qc7 18. Qb3+ Kh8 19. Nc4 Ba6 20. Nxe5 Bxe2 21. Bf4 Bxe5 22. Rd7 Qb8 23. Qe6 1-0

[Event "Kupreichik Memorial Rapid 2019"]
[Site "Minsk"]
[Date "2019.08.17"]
[Round "8.12"]
[White "Zarubitski, Viachaslau"]
[Black "Kameko, Aleksandr"]
[Result "1-0"]
[ECO "C41"]
[WhiteElo "2426"]
[BlackElo "2045"]
[Annotator "NA"]
[PlyCount "81"]
[EventDate "2019.08.15"]
[EventType "swiss"]
[EventCountry "BLR"]
[SourceTitle "playchess.com"]
[Source "ChessBase"]
[SourceQuality "1"]
[TimeControl "900+10"]

1. e4 e5 2. Nf3 d6 3. d4 exd4 4. Nxd4 Nf6 5. Nc3 g6 6. Bf4 Bg7 7. Qd2 Nc6 8. Nxc6 bxc6 9. Bc4 O-O 10. O-O Be6 11. Bb3 Re8 12. Rfe1 Bxb3 13. axb3 Nd7 14. f3 Qb8 15. Be3 Qb7 16. Ra5 Re5 17. Rea1 Rxa5 18. Rxa5 Qb4 19. Ra4 Qb7 20. Ra5 Qb4 21. Ra6 Qb7 22. Qe2 Nb8 23. Ra5 a6 24. Ra1 Nd7 25. Kh1 a5 26. Qd2 h5 27. h3 Ne5 28. Ne2 a4 29. f4 Nd7 30. Rxa4 Rxa4 31. bxa4 Qxb2 32. a5 c5 33. Kh2 Qa3 34. Bg1 Qa4 35. e5 dxe5 36. fxe5 Bxe5+ 37. Kh1 Bd6 38. Qc3 Qb5 39. Nc1 Ne5 40. Nb3 Nc6 41. Qe1 1-0

[Event "Kupreichik Memorial Rapid 2019"]
[Site "Minsk"]
[Date "2019.08.17"]
[Round "8.13"]
[White "Smirnov, Valerij"]
[Black "Pakhomov, Alexey"]
[Result "0-1"]
[ECO "E21"]
[WhiteElo "2261"]
[BlackElo "2315"]
[Annotator "NA"]
[PlyCount "81"]
[EventDate "2019.08.15"]
[EventType "swiss"]
[EventCountry "BLR"]
[SourceTitle "playchess.com"]
[Source "ChessBase"]
[SourceQuality "1"]
[TimeControl "900+10"]

1. d4 Nf6 2. c4 e6 3. Nf3 Bb4+ 4. Nc3 c5 5. g3 Ne4 6. Qd3 cxd4 7. Nxd4 Nxc3 8. bxc3 Be7 9. Nb5 O-O 10. Bg2 Nc6 11. O-O a6 12. Nd6 Ne5 13. Qd4 Bxd6 14. Qxd6 Nxc4 15. Qd4 Qc7 16. Rd1 d6 17. Rb1 e5 18. Qd3 Rb8 19. Bd5 Be6 20. a4 b5 21. axb5 axb5 22. e4 Rfc8 23. Kg2 h6 24. f4 Bxd5 25. Qxd5 Qc5 26. Qxc5 Rxc5 27. Rd3 Kf8 28. Be3 Nxe3+ 29. Rxe3 Rbc8 30. Rb3 Ke7 31. Kf3 f6 32. Rd3 R8c7 33. f5 Rd7 34. Rd5 Rxd5 35. exd5 Rc7 36. Rxb5 Rxc3+ 37. Kg4 Rc2 38. h4 Rc7 39. Rb6 Rc5 40. Kh5 e4 41. Rb7+ 0-1

[Event "Kupreichik Memorial Rapid 2019"]
[Site "Minsk"]
[Date "2019.08.17"]
[Round "8.18"]
[White "Oblamski, Vladimir"]
[Black "Maryasin, Boris"]
[Result "0-1"]
[ECO "B22"]
[WhiteElo "2088"]
[BlackElo "2302"]
[Annotator "NA"]
[PlyCount "60"]
[EventDate "2019.08.15"]
[EventType "swiss"]
[EventCountry "BLR"]
[SourceTitle "playchess.com"]
[Source "ChessBase"]
[SourceQuality "1"]
[TimeControl "900+10"]

1. e4 c5 2. c3 Nf6 3. e5 Nd5 4. d4 cxd4 5. cxd4 d6 6. Nf3 e6 7. Bc4 Be7 8. O-O O-O 9. Qe2 Nc6 10. Nc3 Nxc3 11. bxc3 dxe5 12. dxe5 Qa5 13. Bd2 b6 14. Bd3 Bb7 15. Rfe1 Rad8 16. c4 Qa3 17. Be4 Na5 18. Bxb7 Nxb7 19. Bg5 Bxg5 20. Nxg5 Qd3 21. Qh5 Nc5 22. Nxf7 Rd4 23. Rad1 Qxc4 24. Ng5 h6 25. Nf3 Rxd1 26. Rxd1 Qxa2 27. h4 Qc2 28. Nd4 Qxf2+ 29. Kh1 Qg3 30. Nc6 Ne4 0-1

[Event "Kupreichik Memorial Rapid 2019"]
[Site "Minsk"]
[Date "2019.08.17"]
[Round "8.19"]
[White "Kuleshov, Konstantin"]
[Black "Talma, Sergei"]
[Result "1-0"]
[ECO "D09"]
[WhiteElo "2076"]
[BlackElo "1882"]
[Annotator "NA"]
[PlyCount "97"]
[EventDate "2019.08.15"]
[EventType "swiss"]
[EventCountry "BLR"]
[SourceTitle "playchess.com"]
[Source "ChessBase"]
[SourceQuality "1"]
[TimeControl "900+10"]

1. d4 d5 2. c4 e5 3. dxe5 d4 4. Nf3 Nc6 5. g3 Bf5 6. Bg2 Qd7 7. O-O f6 8. exf6 Nxf6 9. Bf4 Bd6 10. Nxd4 Bxf4 11. Nxc6 Bd6 12. Nd4 Be4 13. Nb5 Bxg2 14. Nxd6+ cxd6 15. Kxg2 O-O 16. Nc3 Qc6+ 17. Kg1 Qxc4 18. Qb3 Qxb3 19. axb3 a6 20. Rfd1 Rfd8 21. Ra4 Kf7 22. Rc4 Rd7 23. f3 d5 24. Rcd4 Rad8 25. Kf2 b5 26. g4 h6 27. Na2 Ke6 28. Nb4 a5 29. Nc6 Ra8 30. Ra1 a4 31. bxa4 Rc7 32. Nb4 bxa4 33. Nd3 Rc4 34. Rxc4 dxc4 35. Rxa4 Rc8 36. Nf4+ Kd6 37. Rb4 Nd5 38. Nxd5 Kxd5 39. Rb7 g5 40. Rd7+ Kc5 41. e3 Rb8 42. Rd2 Kb4 43. f4 gxf4 44. exf4 Rg8 45. Kf3 Re8 46. g5 hxg5 47. fxg5 Re1 48. Rg2 Kb3 49. g6 1-0

[Event "Kupreichik Memorial Rapid 2019"]
[Site "Minsk"]
[Date "2019.08.17"]
[Round "8.20"]
[White "Vashchilov, Sergey"]
[Black "Strizhnev, Ivan"]
[Result "1-0"]
[ECO "C11"]
[WhiteElo "2162"]
[BlackElo "1394"]
[Annotator "NA"]
[PlyCount "45"]
[EventDate "2019.08.15"]
[EventType "swiss"]
[EventCountry "BLR"]
[SourceTitle "playchess.com"]
[Source "ChessBase"]
[SourceQuality "1"]
[TimeControl "900+10"]

1. d4 Nf6 2. Nc3 d5 3. Bg5 e6 4. e4 dxe4 5. Nxe4 Be7 6. Bxf6 Bxf6 7. c3 Be7 8. f4 Nd7 9. Nf3 Nf6 10. Bd3 Bd7 11. Ne5 Nd5 12. Qf3 a6 13. O-O Rc8 14. Ng5 Bxg5 15. fxg5 Rf8 16. Nxf7 Qe7 17. Bxh7 Bc6 18. Bg6 Kd7 19. Ne5+ Kd6 20. Qg3 b5 21. Nd3+ Kd7 22. Nc5+ Kd8 23. Rxf8+ 1-0

[Event "Kupreichik Memorial Rapid 2019"]
[Site "Minsk"]
[Date "2019.08.17"]
[Round "8.23"]
[White "Zverev, Lev"]
[Black "Kiryliuk, Ilya"]
[Result "1-0"]
[ECO "B42"]
[WhiteElo "1881"]
[BlackElo "1948"]
[Annotator "NA"]
[PlyCount "67"]
[EventDate "2019.08.15"]
[EventType "swiss"]
[EventCountry "BLR"]
[SourceTitle "playchess.com"]
[Source "ChessBase"]
[SourceQuality "1"]
[TimeControl "900+10"]

1. e4 c5 2. Nf3 e6 3. d4 cxd4 4. Nxd4 a6 5. Bd3 d6 6. O-O Nf6 7. Qe2 Be7 8. c4 b6 9. Nc3 Qc7 10. Be3 Bb7 11. f4 Nbd7 12. b4 O-O 13. f5 exf5 14. Nxf5 Rfe8 15. Bf4 Bf8 16. Qf3 Ne5 17. Bxe5 Rxe5 18. Nd5 Nxd5 19. exd5 g6 20. Ne3 f5 21. Rac1 Bh6 22. Rce1 b5 23. Nxf5 gxf5 24. Rxe5 dxe5 25. Qxf5 Re8 26. Qh5 Be3+ 27. Kh1 Re7 28. Bxh7+ Rxh7 29. Qe8+ Kg7 30. Qf8+ Kg6 31. Qf6+ Kh5 32. Rf5+ Kg4 33. Qg6+ Kh4 34. Qg3# 1-0

[Event "Kupreichik Memorial Rapid 2019"]
[Site "Minsk"]
[Date "2019.08.17"]
[Round "8.24"]
[White "Shaban, Alena"]
[Black "Shakhadanau, Henadzi"]
[Result "0-1"]
[ECO "A47"]
[WhiteElo "2030"]
[BlackElo "1868"]
[Annotator "NA RC"]
[PlyCount "118"]
[EventDate "2019.08.15"]
[EventType "swiss"]
[EventCountry "BLR"]
[SourceTitle "playchess.com"]
[Source "ChessBase"]
[SourceQuality "1"]
[TimeControl "900+10"]

1. d4 Nf6 2. Nf3 b6 3. e3 Bb7 4. Bd3 e6 5. O-O Be7 6. b3 O-O 7. Bb2 d5 8. Nbd2 Ne4 9. c4 Nd7 10. Rc1 f5 11. Ne5 Nxe5 12. dxe5 Bb4 13. Nf3 Qe7 14. cxd5 exd5 15. a3 Bxa3 16. Bxa3 Qxa3 17. Rxc7 Rf7 18. Rxf7 Kxf7 19. Nd4 g6 20. e6+ Kf6 21. Bb5 Rc8 22. Bd7 Rc5 23. Nc2 Qb2 24. Nb4 Ra5 25. Nd3 Qc3 26. b4 Ra2 27. Nf4 Qe5 28. Nd3 Qc3 29. Nf4 Qd2 30. Qxd2 Rxd2 31. f3 Nd6 32. Ra1 a6 33. h4 Rb2 34. Nd3 Rb3 35. Rd1 Nc4 36. Kf2 Nb2 37. Nxb2 Rxb2+ 38. Kg3 Rxb4 39. Rc1 Rc4 40. Rb1 b5 41. Rb3 Ke7 42. Kh3 b4 43. g4 fxg4+ 44. fxg4 a5 45. h5 gxh5 46. gxh5 Rc3 47. Rb1 Rxe3+ 48. Kg4 Re5 49. Rf1 h6 50. Rf7+ Kd6 51. Kf4 d4 52. Rf6 Rxh5 53. Rf7 Bd5 54. Rf6 Rh1 55. Rg6 Rf1+ 56. Kg4 Rg1+ 57. Kf5 Be4+ 58. Kxe4 Rxg6 59. Kxd4 Rxe6 0-1

[Event "Kupreichik Memorial Rapid 2019"]
[Site "Minsk"]
[Date "2019.08.17"]
[Round "8.25"]
[White "Khrapko, Marharyta"]
[Black "Kolosovskaya, Olga"]
[Result "1-0"]
[ECO "B33"]
[WhiteElo "2073"]
[BlackElo "1719"]
[Annotator "NA"]
[PlyCount "63"]
[EventDate "2019.08.15"]
[EventType "swiss"]
[EventCountry "BLR"]
[SourceTitle "playchess.com"]
[Source "ChessBase"]
[SourceQuality "1"]
[TimeControl "900+10"]

1. e4 c5 2. Nf3 e6 3. d4 cxd4 4. Nxd4 Nf6 5. Nc3 Nc6 6. Ndb5 d6 7. Bf4 e5 8. Bg5 a6 9. Na3 b5 10. Bxf6 gxf6 11. Nd5 f5 12. c3 fxe4 13. Bxb5 axb5 14. Nxb5 Qg5 15. Nbc7+ Kd8 16. Nxa8 Qxg2 17. Rf1 Bh3 18. Ne3 Qf3 19. Rg1 Qxd1+ 20. Rxd1 Kc8 21. Nb6+ Kb7 22. Nbc4 Kc7 23. Nd5+ Kd7 24. b4 Ke6 25. Rg3 Bf5 26. b5 Na7 27. a4 e3 28. Ncxe3 Be4 29. f3 Bg6 30. Nb4 Bh6 31. Nc4 Bf8 32. b6 {[%emt 0:00:14] Kd5} 1-0

[Event "Kupreichik Memorial Rapid 2019"]
[Site "Minsk"]
[Date "2019.08.17"]
[Round "8.26"]
[White "Stanishevskij, Aleksandr"]
[Black "Uzlavataya, Anhelina"]
[Result "1-0"]
[ECO "B40"]
[WhiteElo "1830"]
[BlackElo "2051"]
[Annotator "NA"]
[PlyCount "95"]
[EventDate "2019.08.15"]
[EventType "swiss"]
[EventCountry "BLR"]
[SourceTitle "playchess.com"]
[Source "ChessBase"]
[SourceQuality "1"]
[TimeControl "900+10"]

1. e4 c5 2. Nf3 e6 3. d3 d5 4. Nbd2 Be7 5. g3 Nf6 6. Bg2 O-O 7. e5 Nfd7 8. O-O Nc6 9. Re1 Qc7 10. Qe2 b5 11. Nf1 a5 12. h4 Ba6 13. N1h2 Rac8 14. c3 Rfd8 15. Ng4 d4 16. Bg5 dxc3 17. bxc3 b4 18. Bxe7 Nxe7 19. c4 Bb7 20. h5 h6 21. Qd2 Nf5 22. Qf4 Nb8 23. Rad1 Nc6 24. Ne3 Ncd4 25. Nxf5 Nxf5 26. g4 Nd4 27. Nh4 Bxg2 28. Kxg2 Qe7 29. Kg3 Qg5 30. Qe4 f5 31. exf6 gxf6 32. Ng6 f5 33. Qf4 Qxf4+ 34. Kxf4 fxg4 35. Ne7+ Kf7 36. Nxc8 Rxc8 37. Kxg4 Kf6 38. Re4 a4 39. Rb1 Rg8+ 40. Kh3 Rg5 41. Rh4 Rf5 42. Kg3 Rf3+ 43. Kg2 Rxd3 44. Rf4+ Kg5 45. Rf8 Rc3 46. Rc8 Rxc4 47. Rg8+ Kxh5 48. Rh1# 1-0

[Event "Kupreichik Memorial Rapid 2019"]
[Site "Minsk"]
[Date "2019.08.17"]
[Round "8.27"]
[White "Zhukovskij, Viktor"]
[Black "Ostrovskiy, Viktor"]
[Result "1-0"]
[ECO "B84"]
[WhiteElo "2028"]
[BlackElo "1453"]
[Annotator "NA RC"]
[PlyCount "86"]
[EventDate "2019.08.15"]
[EventType "swiss"]
[EventCountry "BLR"]
[SourceTitle "playchess.com"]
[Source "ChessBase"]
[SourceQuality "1"]
[TimeControl "900+10"]

1. e4 c5 2. Nf3 d6 3. d4 cxd4 4. Nxd4 Nf6 5. Nc3 a6 6. Be2 e6 7. a4 Be7 8. Be3 Nc6 9. O-O Bd7 10. Nb3 O-O 11. f4 Qc7 12. g4 e5 13. g5 Ne8 14. f5 Qd8 15. Qd2 Nd4 16. Bc4 b5 17. Bd5 Rb8 18. g6 Nf6 19. Bxf7+ Rxf7 20. gxf7+ Kxf7 21. Nxd4 exd4 22. Qxd4 Bc6 23. axb5 axb5 24. Ra7 Ng4 25. Bg5 Nf6 26. Nd5 Bxd5 27. Bxf6 gxf6 28. Qxd5+ Kf8 29. Rf2 Qb6 30. Ra8 Rxa8 31. Qxa8+ Kf7 32. Qd5+ Kf8 33. c3 Qe3 34. Qd4 Qc1+ 35. Kg2 Qg5+ 36. Kf1 Qc1+ 37. Kg2 Qg5+ 38. Kf3 Qh5+ 39. Ke3 Qg5+ 40. Ke2 Qg4+ 41. Kd2 Qg5+ 42. Kc2 h5 43. Qd5 Ke8 1-0

[Event "Kupreichik Memorial Rapid 2019"]
[Site "Minsk"]
[Date "2019.08.17"]
[Round "8.28"]
[White "Svjatocho, Andrej"]
[Black "Nikolaev, Dmitry"]
[Result "1-0"]
[ECO "C02"]
[WhiteElo "1995"]
[BlackElo "1677"]
[Annotator "NA RC"]
[PlyCount "77"]
[EventDate "2019.08.15"]
[EventType "swiss"]
[EventCountry "BLR"]
[SourceTitle "playchess.com"]
[Source "ChessBase"]
[SourceQuality "1"]
[TimeControl "900+10"]

1. e4 e6 2. d4 d5 3. e5 c5 4. c3 Nc6 5. Nf3 Qb6 6. a3 Nge7 7. dxc5 Qxc5 8. b4 Qb6 9. c4 Ng6 10. Bb2 Bc5 11. Qd2 Be7 12. cxd5 exd5 13. Nc3 Be6 14. Na4 Qd8 15. Bb5 O-O 16. Bxc6 bxc6 17. O-O a5 18. Bd4 axb4 19. axb4 Qc7 20. Nc5 Bxc5 21. Bxc5 Rfd8 22. Bd6 Qb7 23. Nd4 Rxa1 24. Rxa1 Ra8 25. Rc1 Bd7 26. f4 Re8 27. Re1 Qa7 28. Bc5 Qb8 29. h3 h5 30. Bd6 Qa7 31. Kh2 h4 32. f5 Nf8 33. Qf4 Qa3 34. Qxh4 Qc3 35. Rf1 Qc4 36. Rf4 g6 37. Bxf8 Rxf8 38. f6 Qxb4 39. Qh6 1-0